 Dungeon Sprint DCSS version 0.30-a0-1114-gd936c97349 (webtiles) character file.

Game seed: 14308352696477839579

144 123456 the Trooper (level 5, -9/53 HPs)
             Began as a Minotaur Fighter on Apr 20, 2023.
             Was an Initiate of Gozag.
             Killed from afar by a gargoyle (21 damage)
             ... with a stone arrow
             ... in the Dungeon (Sprint IX: "|||||||||||||||||||||||||||||").
             The game lasted 00:00:32 (199 turns).

123456 the Trooper (Minotaur Fighter)                Turns: 199, Time: 00:00:33

Health: -9/53      AC: 14    Str: 21    XL:     5   Next: 5%
Magic:  4/4        EV:  8    Int:  5    God:    Gozag
Gold:   0          SH:  5    Dex: 17    Spells: 4/4 levels left

rFire   . . .      SeeInvis .    n - +2 morningstar (heavy)
rCold   . . .      Faith    .    c - +0 buckler
rNeg    . . .      Spirit   .    o - +0 plate armour
rPois   .          Reflect  .    (helmet restricted)
rElec   .          Rampage  .    (no cloak)
rCorr   .          NoTele   +    a - +0 pair of gloves
Will    .....                    (no boots) Stlth
                                 (no amulet)
HPRegen 0.28/turn                q - +3 ring of dexterity
MPRegen 0.09/turn                p - +3 ring of dexterity

@: gold aura
A: horns 2, retaliatory headbutt
a: Renounce Religion, Potion Petition, Call Merchant, Bribe Branch


You were in the Dungeon.
You worshipped Gozag.
Gozag was noncommittal.
You visited 1 branch

Inventory:

Hand Weapons
 n - a +2 heavy morningstar (weapon)
Armour
 a - a +0 pair of gloves (worn)
 c - a +0 buckler (worn)
 o - a +0 plate armour (worn)
Jewellery
 p - a +3 ring of dexterity (right hand)
 q - a +3 ring of dexterity (left hand)
Wands
 m - a wand of roots (10)
Scrolls
 j - 2 scrolls of blinking
 l - 2 scrolls of amnesia
Potions
 d - a potion of might
 e - 5 potions of curing
 f - 3 potions of heal wounds
 g - a potion of haste
 h - 4 potions of magic
 i - a potion of berserk rage
 k - a potion of invisibility


   Skills:
 * Level 7.9 Fighting
 * Level 7.4 Maces & Flails
 + Level 6.0 Armour
 + Level 4.3 Dodging
 - Level 3.6 Shields


You had 4 spell levels left.
You didn't know any spells.
Your spell library was empty.

Dungeon Overview and Level Annotations

Branches:
Dungeon (1/1)

Altars:
Cheibriados
Dithmenos
Elyvilon
Fedhas
Gozag
Hepliaklqana
Kikubaaqudgha
Makhleb
Nemelex Xobeh
Okawaru
Qazlal
Ru
Sif Muna
Trog
Uskayaw
Vehumet
Wu Jian
Xom
Yredelemnul
Zin
The Shining One
Jiyva
Lugonu


Innate Abilities, Weirdness & Mutations

You have a pair of horns on your head.
You reflexively headbutt those who attack you in melee.


Message History

You finish putting on your +0 pair of gloves.
You start removing your armour.
You continue taking off your +0 scale mail. x4
You finish taking off your +0 scale mail.
You start putting on your armour.
You continue putting on your +0 plate armour. x5
You finish putting on your +0 plate armour.
You drop a +0 scale mail.
You open the door.
A kobold brigand, a yak, 2 orc warriors, a gargoyle and a wight come into view.
The kobold brigand is wielding a +0 dagger and quivering poisoned darts.
The orc warrior shouts!
The kobold brigand shouts!
The yak bellows!
The orc warrior shouts!
Unknown command.
You hit the wight. You headbutt the wight.
The wight is severely damaged.
The wight hits you with a +3 falchion!
You puncture the wight!
You destroy the wight!
The orc warrior is distracted by your dazzling golden aura.
You block the gargoyle's attack.
Your Maces & Flails skill increases to level 7!
Your Armour skill increases to level 6!
Your Dodging skill increases to level 4!
You have reached level 5!
You closely miss the gargoyle.
The orc warrior shouts!
You headbutt the gargoyle, but do no damage.
The gargoyle hits you with a +0 mace.
The gargoyle hurls a stone arrow at you.
The stone arrow hits you.
You puncture the gargoyle!
The gargoyle is heavily damaged.
The orc warrior is no longer distracted by gold.
The gargoyle hits you with a +0 mace!!
* * * LOW HITPOINT WARNING * * *
The gargoyle hurls a stone arrow at you.
The stone arrow hits you!!
You die...
Your body crumbles into a pile of gold. ▓▓▓▓▓▓▓▓▓▓▓▓▓▓▓▓▓▓▓▓▓▓▓▓ ..oKYo9@...[.)..'_______ ▓▓▓▓▓▓▓▓▓▓▓▓▓▓▓▓▓▓▓▓▓▓▓▓ $ $$ $$$$$ $ $ $ $$$$$ $$$$$$

You could see a yak, 2 orc warriors, a gargoyle and a kobold brigand.

Vanquished Creatures
  A scorpion (D)
  A wight (D)
  An iguana (D)
  A dart slug (D)
  2 orcs (D)
  A goblin (D)
  3 ball pythons (D)
  A frilled lizard (D)
11 creatures vanquished.

Notes
Turn   | Place    | Note
-------+----------+-------------------------------------------
     0 | D        | 123456 the Minotaur Fighter began the quest for the Orb.
     0 | D        | Reached XP level 1. HP: 19/19 MP: 0/0
     9 | D        | Reached skill level 1 in Dodging
    41 | D        | Noticed an iguana
    41 | D        | Noticed a scorpion
    46 | D        | Killed a scorpion
    47 | D        | Reached skill level 5 in Maces & Flails
    47 | D        | Reached skill level 5 in Armour
    47 | D        | Reached XP level 2. HP: 24/31 MP: 1/1
    47 | D        | Reached XP level 3. HP: 29/38 MP: 2/2
    53 | D        | Reached XP level 4. HP: 28/45 MP: 3/3
   117 | D        | Found a snail-covered altar of Cheibriados.
   117 | D        | Found a shadowy altar of Dithmenos.
   117 | D        | Found a white marble altar of Elyvilon.
   117 | D        | Found a blossoming altar of Fedhas.
   117 | D        | Found an opulent altar of Gozag.
   118 | D        | Found a hazy altar of Hepliaklqana.
   119 | D        | Found a viscous altar of Jiyva.
   120 | D        | Found an ancient bone altar of Kikubaaqudgha.
   121 | D        | Found a corrupted altar of Lugonu.
   122 | D        | Found a burning altar of Makhleb.
   123 | D        | Found a sparkling altar of Nemelex Xobeh.
   124 | D        | Found an iron altar of Okawaru.
   125 | D        | Found a stormy altar of Qazlal.
   127 | D        | Became a worshipper of Gozag Ym Sagoz the Greedy
   133 | D        | Found a sacrificial altar of Ru.
   134 | D        | Found a shimmering blue altar of Sif Muna.
   135 | D        | Found a bloodstained altar of Trog.
   136 | D        | Found a hide-covered altar of Uskayaw.
   137 | D        | Found a radiant altar of Vehumet.
   138 | D        | Found an ornate altar of the Wu Jian Council.
   139 | D        | Found a shimmering altar of Xom.
   140 | D        | Found a basalt altar of Yredelemnul.
   141 | D        | Found a glowing silver altar of Zin.
   142 | D        | Found a glowing golden altar of the Shining One.
   195 | D        | Noticed an orc warrior
   195 | D        | Noticed a kobold brigand
   195 | D        | Noticed a yak
   195 | D        | Noticed an orc warrior
   195 | D        | Noticed a gargoyle
   198 | D        | Reached XP level 5. HP: 41/53 MP: 4/4
   199 | D        | Killed from afar by a gargoyle

Illustrated notes

Levels and vault maps discovered:
D:        linesprint [early_d, line_temple, items_1, d_10, items_2, lair_1,
          lair_end, items_3, orc_1, orc_end, items_4, d_15, swamp_1, shoals_1,
          snake_1, spider_1, d_20, vaults_1, items_5, swamp_end, shoals_end,
          snake_end, spider_end, vaults_end, d_27, items_6, zot_1, zot_end,
          crypt_end, forest_end, elf_end, slime_end, tomb_end, abyss_end,
          pan_hell_end]

Skill      XL: |  1  2  3  4 |
---------------+-------------+-----
Fighting       | 6 7 |  7.9
Maces & Flails | 5 6 7 |  7.4
Armour         | 5 6 |  6.0
Dodging        | 3 4 |  4.3
Shields        | |  3.6

Action                     |  1- 3 |  4- 6 || total
---------------------------+-------+-------++-------
  Melee: Flail             |    17 |     1 ||    18
         Headbutt          |     2 |     2 ||     4
         Morningstar       |       |     4 ||     4
 Armour: Scale mail        |     4 |       ||     4
  Dodge: Dodged            |     4 |       ||     4
  Block: Buckler           |     3 |     1 ||     4

Table legend: (Time is in decaauts)
 A = Elapsed time spent in this place.
 B = Non-inter-level travel time spent in this place.
 C = Inter-level travel time spent in this place.
 D = Time resting spent in this place.
 E = Time spent auto-exploring this place.
 F = Levels seen in this place.
 G = Mean time per level.
                   A        B        C        D        E       F      G
               +--------+--------+--------+--------+--------+-----+--------+
         Total |    204 |    204 |      0 |     58 |     34 |   1 |  204.0 |
       Dungeon |    204 |    204 |      0 |     58 |     34 |   1 |  204.0 |
               +--------+--------+--------+--------+--------+-----+--------+

Top non-repeatable levels by time:
       D: 204 daAuts
